 Dungeon Crawl Stone Soup version 0.31-a0-232-gb1c03b2570 (webtiles) character file.

Game seed: 16837032133381614986

375 qw the Shooter (level 6, -3/52 HPs)
             Began as a Minotaur Hexslinger on July 7, 2023.
             Slain by an ogre
             ... wielding a +0 giant spiked club
              (6 damage)
             ... on level 4 of the Dungeon.
             The game lasted 00:01:34 (3902 turns).

qw the Shooter (Minotaur Hexslinger)                Turns: 3902, Time: 00:01:34

Health: -3/52      AC:  6    Str: 15 (18) XL:     6   Next: 44%
Magic:  6/6        EV: 11    Int:  7 (10) God:
Gold:   185        SH:  0    Dex: 13 (14) Spells: 6/7 levels left

rFire   + . .        Y - +1 sling
rCold   . . .        (no shield)
rNeg    . . .        e - +1 ring mail of the End {rF+ Str+5}
rPois   .            (helmet restricted)
rElec   .            (no cloak)
rCorr   .            (no gloves)
SInv    .            (no boots)
Will    .....        (no amulet)
Stlth   +            (no ring)
HPRegen 0.28/turn    (no ring)
MPRegen 0.10/turn

%: no passive effects
@: about to teleport
A: horns 2, retaliatory headbutt
a: no special abilities


You were on level 4 of the Dungeon.
You visited 1 branch of the dungeon, and saw 4 of its levels.

You collected 185 gold pieces.


Innate Abilities, Weirdness & Mutations

You have a pair of horns on your head.
You reflexively headbutt those who attack you in melee.


   Skills:
 - Level 4.0 Fighting
 + Level 6.1 Ranged Weapons
 - Level 2.4 Armour
 - Level 2.1 Dodging
 - Level 1.0 Spellcasting
 - Level 2.0 Hexes


You had 6 spell levels left.
You knew the following spells:

 Your Spells              Type           Power      Damage    Failure   Level
a - Slow                  Hex            12%        N/A       34%         1

Your spell library contained the following spells:

 Spells                   Type           Power      Damage    Failure   Level
 Inner Flame              Hex/Fire       1%         N/A       85%         3
 Portal Projectile        Hex/Tloc       2%         N/A       85%         3
 Cause Fear               Hex            1%         N/A       98%         4

Inventory:

Hand Weapons
 Y - a +1 sling (weapon)
Armour
 e - the +1 ring mail of the End (worn) {rF+ Str+5}
   (You found it on level 3 of the Dungeon)

   Str:       It affects your strength (+5).
   rF:        It protects you from fire.
Jewellery
 k - a ring of fire
Scrolls
 c - 2 scrolls of fog {unknown}
 j - a scroll of teleportation
Potions
 a - 2 potions of curing {unknown}
 b - a potion of enlightenment {unknown}
 f - a potion of resistance {unknown}

Dungeon Overview and Level Annotations

Branches:
Dungeon (4/15)
 Temple: D:4-7

Altars:


Message History

There is an open door here.
There is an open gate here.
You see here a +0 long sword.
There is an open gate here.
You see here a wand of paralysis (9).
An ogre comes into view. It is wielding a +0 giant spiked club.
The ogre shouts!
Enter note:
Enter note:
Enter note:
Enter note:
Enter note:
Enter note:
Enter note:
Enter note:
Enter note:
Enter note:
Enter note:
Enter note: You shoot a sling bullet.
The sling bullet hits the ogre.
The ogre is moderately wounded.
The ogre hits you with a +0 giant spiked club!
You shoot a sling bullet.
The sling bullet barely misses the ogre.
The ogre hits you with a +0 giant spiked club!!
Ouch! That really hurt!
You shoot a sling bullet.
The sling bullet barely misses the ogre.
The ogre barely misses you.
You shoot a sling bullet.
The sling bullet hits the ogre but does no damage.
The ogre is lightly wounded.
The ogre hits you with a +0 giant spiked club!
3901 ||| READING 2 scrolls of teleportation.
As you read the scroll of teleportation, it crumbles to dust.
You feel strangely unstable.
You shoot a sling bullet. The sling bullet hits the ogre.
The ogre is moderately wounded.
The ogre hits you with a +0 giant spiked club.
You die...

#### ########## #.. #########
#......... #O# #.......
#####......... #@## #.....##.#
....%)........ ##.## #.....##.#
#####..%...... #.#.### #.....##.#
#..####### #.##..# #.....##.# ##
##.# #..##.###...).##.# .# #.#
###.###.......##.# .# #.##
#.##........##.#
.#####..##########...........##.#
................/...............'


You could see an ogre.

Vanquished Creatures
  A bullfrog (D:4)
  An orc priest (D:3)
  Jessica (D:2)
  An iguana (D:3)
  Terence (D:3)
  Robin (D:3)
  8 adders
  2 worms
  A dart slug (D:4)
  13 orcs
  10 ball pythons
  7 endoplasms
  2 giant cockroaches
  12 goblins
  8 hobgoblins
  3 jackals (D:4)
  9 kobolds
  A quokka (D:2)
  7 bats
  3 frilled lizards
  12 rats
104 creatures vanquished.

Notes
Turn   | Place    | Note
-------+----------+-------------------------------------------
     0 | D:1      | qw the Minotaur Hexslinger began the quest for the Orb.
     0 | D:1      | Reached XP level 1. HP: 16/16 MP: 1/1
     0 | D:1      | 0 ||| qw: Version: 0.3-a-46-gb1f654a
     0 | D:1      | 0 ||| qw: Game counter: 2345
     0 | D:1      | 0 ||| qw: Melee chars always use a shield: true
     0 | D:1      | 0 ||| qw: God list: Okawaru
     0 | D:1      | 0 ||| qw: Allow faded altars: false
     0 | D:1      | 0 ||| qw: Do Orc after clearing Dungeon:15 true
     0 | D:1      | 0 ||| qw: Do second Lair branch before Depths: true
     0 | D:1      | 0 ||| qw: Lair rune preference: random
     0 | D:1      | 0 ||| qw: Goals: Normal
     0 | D:1      | 0 ||| PLANNING D:1-11
   179 | D:1      | Reached skill level 3 in Ranged Weapons
   197 | D:1      | Reached XP level 2. HP: 22/23 MP: 2/2
   877 | D:1      | 877 ||| READING scroll labelled MANGEB ZYSKAAFELIO.
   878 | D:1      | 878 ||| READING scroll labelled UCKULE YROMNAE.
   879 | D:1      | 879 ||| READING scroll labelled MALAIRGHELA.
   882 | D:1      | 882 ||| DROPPING scroll of poison.
   986 | D:2      | Reached XP level 3. HP: 23/29 MP: 3/3
  1086 | D:2      | Noticed Jessica
  1100 | D:2      | Reached skill level 4 in Ranged Weapons
  1100 | D:2      | HP: 6/29 [kobold/+0 short sword (4)]
  1103 | D:2      | Killed Jessica
  1104 | D:2      | Reached XP level 4. HP: 9/36 MP: 4/4
  1123 | D:2      | 1123 ||| FLEEEEING.
  1124 | D:2      | 1124 ||| FLEEEEING.
  1125 | D:2      | 1125 ||| FLEEEEING.
  1126 | D:2      | 1126 ||| FLEEEEING.
  1127 | D:2      | 1127 ||| FLEEEEING.
  1128 | D:2      | 1128 ||| FLEEEEING.
  1129 | D:2      | 1129 ||| FLEEEEING.
  1130 | D:2      | 1130 ||| FLEEEEING.
  1131 | D:2      | 1131 ||| FLEEEEING.
  1132 | D:2      | 1132 ||| FLEEEEING.
  1133 | D:2      | 1133 ||| STAIRDANCE
  1207 | D:1      | 1207 ||| READING scroll labelled FOCALA RAXIVVA.
  1211 | D:2      | 1211 ||| STAIRDANCE
  1497 | D:2      | Reached skill level 5 in Ranged Weapons
  1919 | D:2      | 1919 ||| READING scroll labelled DOPNOGR HAOLIU.
  1920 | D:2      | 1920 ||| READING scroll labelled SUUMUP YPREGH.
  1921 | D:2      | 1921 ||| READING scroll labelled ZAHIUF LOFREE.
  1922 | D:2      | 1922 ||| DRINKING 2 metallic brown potions.
  1923 | D:2      | 1923 ||| DROPPING potion of brilliance.
  1980 | D:3      | Reached skill level 3 in Fighting
  1996 | D:3      | Identified the +1 ring mail of the End {rF+ Str+5}
  2024 | D:3      | Reached XP level 5. HP: 38/45 MP: 5/5
  2184 | D:3      | HP: 11/45 [orc priest/+0 morningstar (13)]
  2185 | D:3      | 2185 ||| READING 2 scrolls of teleportation.
  2185 | D:3      | HP: 4/45 [orc/+0 trident (2)]
  2391 | D:3      | Noticed Terence
  2402 | D:3      | Killed Terence
  2403 | D:3      | Reached skill level 6 in Ranged Weapons
  2684 | D:3      | Found a faded altar of an unknown god.
  2843 | D:3      | Reached XP level 6. HP: 51/51 MP: 6/6
  2892 | D:3      | Noticed Robin
  2911 | D:3      | Killed Robin
  3142 | D:3      | 3142 ||| UPGRADING to +1 ring mail of the End {rF+ Str+5}.
  3152 | D:3      | 3152 ||| DROPPING +0 robe.
  3153 | D:3      | 3153 ||| READING scroll labelled PAOF RODEU.
  3154 | D:3      | 3154 ||| DRINKING 2 viscous blue potions.
  3155 | D:3      | 3155 ||| DRINKING 3 silvery potions.
  3190 | D:3      | 3190 ||| DROPPING potion of degeneration.
  3191 | D:3      | 3191 ||| DROPPING 2 potions of lignification.
  3900 | D:4      | HP: 2/52 [ogre/+0 giant spiked club (13)]
  3901 | D:4      | 3901 ||| READING 2 scrolls of teleportation.
  3902 | D:4      | Slain by an ogre

Levels and vault maps discovered:
D:1:      amcnicky_arrival_blooded_trapdoor, layout_loops_ring, serial_forest,
          infiniplex_forest_fountain, infiniplex_forest_split,
          infiniplex_forest_lined_ring, infiniplex_forest_clump_medium,
          infiniplex_forest_clump_C, infiniplex_forest_clump_C,
          infiniplex_forest_lined_1, infiniplex_forest_pool
D:2:      layout_basic, uniq_jessica
D:3:      layout_loops_ring, nicolae_ecumenical_snake_handling, uniq_terence,
          uniq_robin
D:4:      layout_basic, marbit_many_paths, st_stairs_4,
          kennysheep_cross_bottleneck

Skill      XL: |  1  2  3  4  5  6 |
---------------+-------------------+-----
Ranged Weapons | 3 4 5 6 |  6.1
Fighting       | 2 3 4 |  4.0
Armour         | 2 |  2.4
Dodging        | |  2.1
Spellcasting   | |  1.0
Hexes          | |  2.0

Action                     |  1- 3 |  4- 6 || total
---------------------------+-------+-------++-------
   Fire: Sling             |    96 |   293 ||   389
    Use: Scroll            |     3 |     7 ||    10
         Potion            |       |     3 ||     3
 Armour: Robe              |     9 |    17 ||    26
         Ring mail         |       |    13 ||    13
  Dodge: Dodged            |    39 |    88 ||   127

Table legend:
 A = Non-vault XP
 B = Vault XP
 C = Vault XP percentage of total XP
 D = Non-vault monster count
 E = Vault monster count
 F = Vault count percentage of total count
                 A         B        C        D         E       F
            +---------+---------+-------+---------+---------+-------
      Total |     322 |     215 |  40.0 |      88 |      16 |  15.4
            +---------+---------+-------+---------+---------+-------
        D:1 |      36 |       0 |   0.0 |      22 |       0 |   0.0
        D:2 |     103 |      37 |  26.4 |      26 |       1 |   3.7
        D:3 |     149 |      79 |  34.6 |      29 |      13 |  31.0
        D:4 |      34 |      99 |  74.4 |      11 |       2 |  15.4
            +---------+---------+-------+---------+---------+-------
